ORI
UNIVERSITY OF CONNETICUT HUSKIES @ UNIVERSITY OF MINNESOTA GOLDEN GOPHERS
10/07/2049
 
TOP OF THE 1ST
University of Conneticut Huskies batting - Pitching for University of Minnesota Golden Gophers : RHP Justin Thompson
Pitching: RHP Justin Thompson
Batting: RHB Jordan Nicholas 0-0: Called Strike
0-1: Swinging Strike
0-2: Ball
1-2: Ball
2-2: Strikes out looking
Batting: LHB Matt Reed 0-0: Ball
1-0: SINGLE (Flyball, 3D, EV 100.6 MPH)
Batting: LHB Greg James 0-0: Called Strike
Matt Reed steals 2nd base
0-1: Ground out 6-3 (Groundball, 6M, EV 86.2 MPH)
Matt Reed to third
Batting: RHB Jai De san miguel 0-0: Foul Ball, location: 2F
0-1: Called Strike
0-2: Strikes out swinging
Top of the 1st over - 0 runs, 1 hit, 0 errors, 1 left on base; University of Conneticut 0 - University of Minnesota 0
BOTTOM OF THE 1ST
University of Minnesota Golden Gophers batting - Pitching for University of Conneticut Huskies : RHP Daniel Matthews
Pitching: RHP Daniel Matthews
Batting: LHB Bobby Agterberg 0-0: Hit by Pitch
Batting: RHB Jian-zhang Zhào 0-0: Ball
1-0: Ball
2-0: Foul Ball, location: 2F
2-1: Foul Ball, location: 2F
2-2: Ball
3-2: Foul Ball, location: 2F
3-2: Fielders Choice at 2nd, 6-4 (Groundball, 6, EV 91.2 MPH)
Batting: RHB Tommy Molinaro 0-0: Foul Ball, location: 2F
0-1: Ball
Jian-zhang Zhào steals 2nd, throwing error, E2
Jian-zhang Zhào to third
1-1: Foul Ball, location: 2F
1-2: Ball
2-2: Ball
3-2: Strikes out looking
Batting: RHB Jason Mooris 0-0: Ball
1-0: Ball
2-0: Foul Ball, location: 2F
2-1: Ball
3-1: Foul Ball, location: 2F
3-2: Foul Ball, location: 2F
3-2: Foul Ball, location: 2F
3-2: Base on Balls
Batting: LHB Jose Moncada 0-0: Called Strike
0-1: Ball
1-1: Foul Ball, location: 2F
1-2: Foul Ball, location: 2F
1-2: Fly out, F5 (Popup, 56, EV 66.2 MPH)
Bottom of the 1st over - 0 runs, 0 hits, 1 error, 2 left on base; University of Conneticut 0 - University of Minnesota 0
TOP OF THE 2ND
University of Conneticut Huskies batting - Pitching for University of Minnesota Golden Gophers : RHP Justin Thompson
Batting: LHB Jonathan Sica 0-0: Ball
1-0: Swinging Strike
1-1: Foul Ball, location: 2F
1-2: Strikes out swinging
Batting: RHB Matthew Lanford 0-0: Foul Ball, location: 2F
0-1: Foul Ball, location: 2F
0-2: Strikes out looking
Batting: RHB Charlie Slayback 0-0: Called Strike
0-1: Ball
1-1: Foul Ball, location: 2F
1-2: Ground out 5-3 (Groundball, 5, EV 104.4 MPH)
Top of the 2nd over - 0 runs, 0 hits, 0 errors, 0 left on base; University of Conneticut 0 - University of Minnesota 0
BOTTOM OF THE 2ND
University of Minnesota Golden Gophers batting - Pitching for University of Conneticut Huskies : RHP Daniel Matthews
Batting: RHB Ron Gooch 0-0: SINGLE (Groundball, 4D, EV 110.6 MPH)
Batting: SHB Chris Rodgers 0-0: Ball
1-0: Swinging Strike
1-1: Foul Ball, location: 2F
1-2: Fielders Choice at 2nd, 4-6 (Groundball, 4, EV 108.8 MPH)
Batting: RHB Roy Evenden 0-0: Ball
1-0: Foul Ball, location: 2F
1-1: Swinging Strike
1-2: Foul Ball, location: 2F
1-2: Foul Ball, location: 2F
1-2: Ball
2-2: Strikes out looking
Batting: LHB Phil Bonner 0-0: Called Strike
Chris Rodgers steals 2nd base (no throw)
0-1: Foul Ball, location: 2F
0-2: Ball
1-2: Strikes out swinging
Bottom of the 2nd over - 0 runs, 1 hit, 0 errors, 1 left on base; University of Conneticut 0 - University of Minnesota 0
TOP OF THE 3RD
University of Conneticut Huskies batting - Pitching for University of Minnesota Golden Gophers : RHP Justin Thompson
Batting: LHB Omar Alba 0-0: Foul Ball, location: 2F
0-1: Swinging Strike
0-2: Ball
1-2: Strikes out looking
Batting: LHB Bertil Ivens 0-0: Ground out 4-3 (Groundball, 4, EV 90.6 MPH)
Batting: RHB Jordan Nicholas 0-0: Called Strike
0-1: Called Strike
0-2: Strikes out swinging
Top of the 3rd over - 0 runs, 0 hits, 0 errors, 0 left on base; University of Conneticut 0 - University of Minnesota 0
BOTTOM OF THE 3RD
University of Minnesota Golden Gophers batting - Pitching for University of Conneticut Huskies : RHP Daniel Matthews
Batting: LHB Bobby Agterberg 0-0: Called Strike
0-1: Ball
1-1: Called Strike
1-2: Fly out, F9 (Flyball, 9S, EV 83.8 MPH)
Batting: RHB Jian-zhang Zhào 0-0: Ball
1-0: Foul Ball, location: 2F
1-1: Ball
2-1: Ball
3-1: Foul Ball, location: 2F
3-2: Hit by Pitch
Batting: RHB Tommy Molinaro 0-0: Ball
1-0: Ball
2-0: Called Strike
2-1: Swinging Strike
2-2: Fly out, F8 (Flyball, 89XD, EV 99.4 MPH)
Batting: RHB Jason Mooris 0-0: Foul Ball, location: 2F
0-1: Called Strike
0-2: Ball
1-2: Foul Ball, location: 2F
1-2: Ball
2-2: Ball
3-2: Ground out 6-3 (Groundball, 6, EV 110.0 MPH)
Bottom of the 3rd over - 0 runs, 0 hits, 0 errors, 1 left on base; University of Conneticut 0 - University of Minnesota 0
TOP OF THE 4TH
University of Conneticut Huskies batting - Pitching for University of Minnesota Golden Gophers : RHP Justin Thompson
Batting: LHB Matt Reed 0-0: Ball
1-0: Called Strike
1-1: Ground out 4-3 (Groundball, 4M, EV 105.0 MPH)
Batting: LHB Greg James 0-0: Called Strike
0-1: Ball
1-1: SINGLE (Line Drive, 9S, EV 105.6 MPH)
Batting: RHB Jai De san miguel 0-0: Called Strike
0-1: Ball
1-1: Ball
2-1: Ball
3-1: SINGLE (Groundball, 6, EV 98.1 MPH)
Greg James to second
Batting: LHB Jonathan Sica 0-0: Ball
1-0: Swinging Strike
1-1: Swinging Strike
1-2: Fly out, F8 (Flyball, 8LM, EV 96.2 MPH)
Batting: RHB Matthew Lanford 0-0: Ball
1-0: Foul Ball, location: 2F
1-1: Ball
2-1: Swinging Strike
2-2: Ball
3-2: Strikes out swinging
Top of the 4th over - 0 runs, 2 hits, 0 errors, 2 left on base; University of Conneticut 0 - University of Minnesota 0
BOTTOM OF THE 4TH
University of Minnesota Golden Gophers batting - Pitching for University of Conneticut Huskies : RHP Daniel Matthews
Batting: LHB Jose Moncada 0-0: Called Strike
0-1: Ball
1-1: Ball
2-1: Swinging Strike
2-2: Ball
3-2: Ground out 4-3 (Groundball, 34, EV 88.1 MPH)
Batting: RHB Ron Gooch 0-0: Fly out, F9 (Line Drive, 9LM, EV 91.2 MPH)
Batting: SHB Chris Rodgers 0-0: Ball
1-0: Fly out, F8 (Flyball, 8RM, EV 95.6 MPH)
Bottom of the 4th over - 0 runs, 0 hits, 0 errors, 0 left on base; University of Conneticut 0 - University of Minnesota 0
TOP OF THE 5TH
University of Conneticut Huskies batting - Pitching for University of Minnesota Golden Gophers : RHP Justin Thompson
Batting: RHB Charlie Slayback 0-0: Ball
1-0: Ball
2-0: Called Strike
2-1: Foul Ball, location: 2F
2-2: Ball
3-2: Foul Ball, location: 2F
3-2: Foul Ball, location: 2F
3-2: Foul Ball, location: 2F
3-2: Ground out 4-3 (Groundball, 4, EV 106.2 MPH)
Batting: LHB Omar Alba 0-0: Ball
1-0: Swinging Strike
1-1: Called Strike
1-2: Foul Ball, location: 2F
1-2: Strikes out looking
Batting: LHB Bertil Ivens 0-0: Ball
1-0: Ground out 6-3 (Groundball, 6MD, EV 102.5 MPH)
Top of the 5th over - 0 runs, 0 hits, 0 errors, 0 left on base; University of Conneticut 0 - University of Minnesota 0
BOTTOM OF THE 5TH
University of Minnesota Golden Gophers batting - Pitching for University of Conneticut Huskies : RHP Daniel Matthews
Batting: RHB Roy Evenden 0-0: Swinging Strike
0-1: Foul Ball, location: 2F
0-2: Foul Ball, location: 2F
0-2: Foul Ball, location: 2F
0-2: Ball
1-2: Ball
2-2: Foul Ball, location: 2F
2-2: Ball
3-2: Foul Ball, location: 2F
3-2: Foul Ball, location: 2F
3-2: Foul Ball, location: 2F
3-2: Fly out, F9 (Flyball, 9S, EV 83.8 MPH)
Pitching: RHP Nick Rice
Batting: LHB Phil Bonner 0-0: Ball
1-0: Ball
2-0: Called Strike
2-1: Foul Ball, location: 2F
2-2: Ground out U3 (Groundball, 3L, EV 83.8 MPH)
Batting: LHB Bobby Agterberg 0-0: Ball
1-0: Fly out, F7 (Flyball, 7S, EV 90.0 MPH)
Bottom of the 5th over - 0 runs, 0 hits, 0 errors, 0 left on base; University of Conneticut 0 - University of Minnesota 0
TOP OF THE 6TH
University of Conneticut Huskies batting - Pitching for University of Minnesota Golden Gophers : RHP Justin Thompson
Batting: RHB Jordan Nicholas 0-0: Ball
1-0: SINGLE (Flyball, 56D, EV 90.6 MPH)
Batting: LHB Matt Reed 0-0: Called Strike
0-1: Fielders Choice at 2nd, 4-6 (Groundball, 4D, EV 114.4 MPH)
Batting: LHB Greg James 0-0: Ball
Matt Reed steals 2nd base
1-0: Foul Ball, location: 2F
1-1: Ball
2-1: Ball
3-1: Called Strike
3-2: Strikes out looking
Batting: RHB Jai De san miguel 0-0: Ground out 1-3 (Groundball, 13S, EV 65.6 MPH)
Top of the 6th over - 0 runs, 1 hit, 0 errors, 1 left on base; University of Conneticut 0 - University of Minnesota 0
BOTTOM OF THE 6TH
University of Minnesota Golden Gophers batting - Pitching for University of Conneticut Huskies : RHP Nick Rice
Batting: RHB Jian-zhang Zhào 0-0: Fly out, F7 (Flyball, 7LM, EV 81.2 MPH)
Batting: RHB Tommy Molinaro 0-0: Ball
1-0: Foul Ball, location: 2F
1-1: Foul Ball, location: 2F
1-2: Ball
2-2: Ball
3-2: Base on Balls
Batting: RHB Jason Mooris 0-0: Ball
1-0: Ball
2-0: Called Strike
2-1: Ball
3-1: Base on Balls
Tommy Molinaro to second
Batting: LHB Jose Moncada 0-0: Called Strike
0-1: Called Strike
0-2: Ball
1-2: Foul Ball, location: 2F
1-2: Ground out 5-3 (Groundball, 6S, EV 70.0 MPH)
Tommy Molinaro to third
Jason Mooris to second
Batting: RHB Ron Gooch 0-0: Ball
1-0: Foul Ball, location: 2F
1-1: Ball
2-1: Fly out, F2 (Popup, 15S, EV 86.2 MPH)
Bottom of the 6th over - 0 runs, 0 hits, 0 errors, 2 left on base; University of Conneticut 0 - University of Minnesota 0
TOP OF THE 7TH
University of Conneticut Huskies batting - Pitching for University of Minnesota Golden Gophers : RHP Justin Thompson
Batting: LHB Jonathan Sica 0-0: Called Strike
0-1: Foul Ball, location: 2F
0-2: Ball
1-2: Foul Ball, location: 2F
1-2: Ball
2-2: Ball
3-2: SINGLE (Groundball, 13S, EV 73.8 MPH) (infield hit)
Pitching: RHP Bobby Rodriguez
Batting: RHB Matthew Lanford 0-0: Ball
1-0: Ball
2-0: Called Strike
2-1: Fly out, F9 (Flyball, 9D, EV 99.4 MPH)
Batting: RHB Charlie Slayback 0-0: Called Strike
0-1: Ball
1-1: Foul Ball, location: 2F
1-2: Foul Ball, location: 2F
1-2: Ball
2-2: Grounds into double play, 5-4-3 (Groundball, 5, EV 92.5 MPH)
Top of the 7th over - 0 runs, 1 hit, 0 errors, 0 left on base; University of Conneticut 0 - University of Minnesota 0
BOTTOM OF THE 7TH
University of Minnesota Golden Gophers batting - Pitching for University of Conneticut Huskies : RHP Nick Rice
Pinch Hitting: RHB Jose Garrido 0-0: Ball
1-0: Swinging Strike
1-1: Ball
2-1: Foul Ball, location: 2F
2-2: Ball
3-2: Base on Balls
Batting: RHB Roy Evenden 0-0: Sac Bunt to 3S - play at first, batter OUT! 3-4
Jose Garrido to second
Pinch Hitting: LHB Hidehiro Kanno 0-0: Ball
1-0: Reached on error, E6 (Groundball, 6M, EV 83.1 MPH)
Jose Garrido scores
Batting: LHB Bobby Agterberg 0-0: Ball
1-0: Swinging Strike
1-1: Called Strike
1-2: Strikes out swinging
Batting: RHB Jian-zhang Zhào 0-0: Fly out, F9 (Flyball, 9, EV 86.2 MPH)
Bottom of the 7th over - 1 run, 0 hits, 1 error, 1 left on base; University of Conneticut 0 - University of Minnesota 1
TOP OF THE 8TH
University of Conneticut Huskies batting - Pitching for University of Minnesota Golden Gophers : RHP Bobby Rodriguez
Pitching: LHP Heui-seong Hahn
Now at 3B: Jose Garrido
Now in CF: Ivan Villegas
Pinch Hitting: RHB Victor Ramos 0-0: Ball
1-0: Ball
2-0: Called Strike
2-1: Ball
3-1: Foul Ball, location: 2F
3-2: Strikes out swinging
Pinch Hitting: RHB Dave Cobos 0-0: Swinging Strike
0-1: Foul Ball, location: 2F
0-2: Foul Ball, location: 2F
0-2: Foul Ball, location: 2F
0-2: Strikes out swinging
Batting: RHB Jordan Nicholas 0-0: Called Strike
0-1: SINGLE (Groundball, 56D, EV 103.1 MPH)
Batting: LHB Matt Reed 0-0: Ball
1-0: Ball
Wild Pitch!
Jordan Nicholas to second
2-0: Called Strike
2-1: Swinging Strike
2-2: Fly out, F7 (Flyball, 7, EV 93.8 MPH)
Top of the 8th over - 0 runs, 1 hit, 0 errors, 1 left on base; University of Conneticut 0 - University of Minnesota 1
BOTTOM OF THE 8TH
University of Minnesota Golden Gophers batting - Pitching for University of Conneticut Huskies : RHP Nick Rice
Pitching: RHP Jean-François Michel
Now at 3B: Jordan Nicholas
Now at SS: Dave Cobos
Now in LF: Victor Ramos
Now in CF: Matt Reed
Now in RF: Greg James
Batting: RHB Tommy Molinaro 0-0: Ball
1-0: Called Strike
1-1: Ball
2-1: Ball
3-1: Swinging Strike
3-2: Foul Ball, location: 2F
3-2: Foul Ball, location: 2F
3-2: Base on Balls
Batting: RHB Jason Mooris 0-0: Fly out, F4 (Popup, 23, EV 83.1 MPH)
Pitching: LHP Marvin Lopez
Batting: LHB Jose Moncada 0-0: Ball
1-0: Ball
2-0: Ball
3-0: Base on Balls
Tommy Molinaro to second
Batting: RHB Ron Gooch 0-0: Fly out, F6 (Popup, 6MS, EV 65.0 MPH)
Batting: RHB Jose Garrido 0-0: Called Strike
0-1: Foul Ball, location: 2F
0-2: Ball
1-2: Foul Ball, location: 2F
1-2: Foul Ball, location: 2F
1-2: Foul Ball, location: 2F
1-2: Foul Ball, location: 2F
1-2: Ball
2-2: Ball
3-2: SINGLE (Groundball, 25, EV 74.4 MPH) (infield hit)
Tommy Molinaro to third
Jose Moncada to second
Batting: RHB Roy Evenden 0-0: Ball
1-0: Foul Ball, location: 2F
1-1: Called Strike
1-2: Ball
2-2: Foul Ball, location: 2F
2-2: Foul Ball, location: 2F
2-2: Strikes out swinging
Bottom of the 8th over - 0 runs, 1 hit, 0 errors, 3 left on base; University of Conneticut 0 - University of Minnesota 1
TOP OF THE 9TH
University of Conneticut Huskies batting - Pitching for University of Minnesota Golden Gophers : LHP Heui-seong Hahn
Pitching: LHP Matt Wooldridge
Batting: LHB Greg James 0-0: Ball
1-0: Ball
2-0: Ground out 4-3 (Groundball, 4, EV 96.9 MPH)
Batting: RHB Jai De san miguel 0-0: Ball
1-0: Called Strike
1-1: Foul Ball, location: 2F
1-2: Strikes out swinging
Batting: LHB Jonathan Sica 0-0: Called Strike
0-1: Foul Ball, location: 2F
0-2: Foul Ball, location: 2F
0-2: Ball
1-2: Hit by Pitch
Batting: RHB Matthew Lanford 0-0: Called Strike
0-1: Called Strike
0-2: Strikes out swinging
Top of the 9th over - 0 runs, 0 hits, 0 errors, 1 left on base; University of Conneticut 0 - University of Minnesota 1
Sunday, July 16th , 2023 - OOTP Baseball 24.6 Build 69